 Dungeon Crawl Stone Soup version 0.21-a0-426-g98080a9 (webtiles) character file.

55059 slep the Peltast (level 14, -6/134 HPs)
             Began as a Minotaur Fighter on Nov 7, 2017.
             Was the Champion of Cheibriados.
             Mangled by a deep elf blademaster
             ... wielding a +0 short sword
              (13 damage)
             ... on level 2 of the Elven Halls on Nov 8, 2017.
             The game lasted 02:48:24 (15907 turns).

slep the Peltast (Minotaur Fighter)                Turns: 15907, Time: 02:48:24

Health: -6/134     AC: 28    Str: 39    XL:     14   Next: 36%
Magic:  14/14      EV: 15    Int: 24    God:    Cheibriados [******]
Gold:   1816       SH: 18    Dex: 35    Spells: 12/13 levels left

rFire    + . .     SeeInvis .   D - +9 spear of Nakhlee Pisupn {drain, rElec rPois Int+4}
rCold    + + .     Gourm    .   c - +0 shield
rNeg     + . .     Faith    +   p - +1 plate armour {rPois}
rPois    +         Spirit   .   (helmet restricted)
rElec    +         Reflect  .   A - +2 cloak
rCorr    +         Harm     .   S - +2 pair of gloves of the Arcane {rF+ rC+ rCorr}
MR       +....     Clarity  +   N - +2 pair of boots
Stlth    +.........             P - amulet of faith
HPRegen  0.00/turn              H - ring "Yfapsimp" {*Drain rN+ Dex+8 Slay+3 Stlth+}
MPRegen  0.14/turn              G - ring of protection from cold

@: studying 2 skills, drained, very slow
A: retaliatory headbutt, claws 1, horns 2, blink, clarity, high mp 1, robust 1,
shaggy fur 1, inhibited regeneration, MP-powered wands
a: Blink, Bend Time, Temporal Distortion, Slouch, Step From Time, Renounce
Religion


You were on level 2 of the Elven Halls.
You worshipped Cheibriados.
Cheibriados was exalted by your worship.
You were hungry.

You visited 4 branches of the dungeon, and saw 16 of its levels.
You also visited: Labyrinth.

You collected 1816 gold pieces.

Inventory:

Hand Weapons
 C - the +7 falchion of Xuelow {flame, rF+ rC+ Dex+3}
   (You found it on level 9 of the Dungeon)

   It has been specially enchanted to burn those struck by it, causing extra
   injury to most foes and up to half again as much damage against particularly
   susceptible opponents.
   Big, fiery blades are also staple armaments of hydra-hunters.
   It affects your dexterity (+3).
   It protects you from fire.
   It protects you from cold.
 D - the +9 spear of Nakhlee Pisupn (weapon) {drain, rElec rPois Int+4}
   (You found it on level 10 of the Dungeon)

   A truly terrible weapon, it drains the life of those it strikes.
   It affects your intelligence (+4).
   It insulates you from electricity.
   It protects you from poison.
 F - the +8 falchion of Mayhem {antimagic, MR+ Str+5}
   (You found it on level 10 of the Dungeon)

   It reduces the magical energy of the wielder, and disrupts the spells and
   magical abilities of those hit.
   Natural abilities and divine invocations are not affected.
   It affects your strength (+5).
   It affects your resistance to hostile enchantments.
Missiles
 b - 29 tomahawks (quivered)
 B - 5 tomahawks of returning
 Y - 2 throwing nets
Armour
 c - a +0 shield (worn)
 j - a +0 troll leather armour
 p - a +1 plate armour of poison resistance (worn)
 A - a +2 cloak (worn)
 N - a +2 pair of boots (worn)
 S - the +2 pair of gloves of the Arcane (worn) {rF+ rC+ rCorr}
   (You found it in a labyrinth)

   It protects you from fire.
   It protects you from cold.
   It protects you from acid and corrosion.
Jewellery
 l - an uncursed ring of see invisible
 u - a +6 amulet of reflection
 v - an uncursed ring of magical power {unknown}
 G - a ring of protection from cold (right hand)
 H - the ring "Yfapsimp" (left hand) {*Drain rN+ Dex+8 Slay+3 Stlth+}
   (You found it on level 5 of the Dungeon)

   [ring of stealth]

   It affects your dexterity (+8).
   It affects your accuracy and damage with ranged weapons and melee attacks
   (+3).
   It protects you from negative energy.
   It causes draining when unequipped.
   It makes you more stealthy.
 P - an amulet of faith (around neck)
Wands
 a - a wand of digging (12/24)
 e - a wand of lightning (3/15)
 o - a wand of digging (9/24)
 q - a wand of flame (18/48)
 J - a wand of polymorph (11/24)
 Q - a wand of polymorph (3/24)
 R - a wand of flame (21/48)
 X - a wand of disintegration (11/24)
 Z - a wand of lightning (11/15)
Scrolls
 g - 4 scrolls of remove curse
 k - 4 scrolls of identify
 m - 3 scrolls of amnesia
 r - 2 scrolls of enchant armour
 w - a scroll of teleportation
 K - 2 scrolls of enchant weapon
 O - 2 scrolls of fog
 V - a scroll of recharging
Potions
 d - a potion of might
 n - 4 potions of lignification
 s - a potion of flight
 t - 3 potions of cancellation
 T - a potion of curing
 U - 3 potions of haste
 W - 2 potions of ambrosia
Books
 I - a manual of Stealth
 M - a manual of Summonings
Comestibles
 f - 8 bread rations
 h - 6 meat rations
 i - 12 fruits
 E - 16 royal jellies


   Skills:
 + Level 10.4(10.0) Fighting
 + Level 12.6(12.2) Long Blades
   Level 3.3(3.0) Maces & Flails
 + Level 10.2(9.8) Polearms
 + Level 4.3(4.0) Throwing
 + Level 13.3(12.8) Armour
 + Level 5.9(5.6) Dodging
 + Level 5.8(5.4) Stealth
 + Level 16.1(15.6) Shields
 + Level 1.0(0.7) Unarmed Combat
 + Level 0.2(0.0) Evocations


You had 12 spell levels left.
You knew the following spells:

 Your Spells              Type           Power        Failure   Level  Hunger
a - Magic Dart            Conj           #...         52%         1    ##.....


Dungeon Overview and Level Annotations

Branches:
Dungeon (11/15)            Temple (0/1) D:6            Lair (1/6) D:10
    Orc (2/2) D:11            Elf (2/3) Orc:2

Altars:
Ashenzari
Cheibriados
Elyvilon
Sif Muna
Xom
Zin
The Shining One
Beogh

Shops:
D:5 (   D:8 (   Orc:2 *!:(   Elf:1 (*(

Portals:
Pandemonium: Orc:2


Innate Abilities, Weirdness & Mutations

You reflexively headbutt those who attack you in melee.
You have a pair of horns on your head.
You have sharp fingernails.
You can translocate small distances at will.
You possess an exceptional clarity of mind.
You have an increased reservoir of magic. (+10% MP)
You are robust. (+10% HP)
You are covered in fur. (AC +1)
You do not regenerate when monsters are visible.
You expend magic power (3 MP) to strengthen your wands.


Message History

The deep elf knight seems to speed up.
The deep elf knight misses you. You furiously retaliate!
You headbutt the deep elf knight!
The deep elf mage mumbles some strange words.
The deep elf mage shouts!
The deep elf blademaster closely misses you.
The deep elf blademaster hits you with a short sword!
* * * LOW HITPOINT WARNING * * *
The deep elf knight closely misses you.
The deep elf blademaster barely misses you.
You furiously retaliate!
You headbutt the deep elf blademaster!
The deep elf blademaster hits you but does no damage.
The deep elf knight hits you but does no damage.
You partially resist.
You feel drained.
The deep elf mage hits you but does no damage.
The earth elemental hits you!
* * * LOW HITPOINT WARNING * * *
The earth elemental completely misses you.
You furiously retaliate!
You headbutt the earth elemental.
The deep elf blademaster hits you with a short sword!
You die...

.................. #.*.......
(................# #e(......
.................# #(.......
.................#####........
..................#.#.........
.....................e*..........
.............(.....(.............
...... e.#.....eEe...........#...
. ##....e@e..........###..
##....E(.........## ##.
#.................###..
#...................#...
....e..................).
...##.....###.....##...## #.#
##...''#++...####.###
#####...##### ### ##'''##


You could see a deep elf blademaster, 2 deep elf knights, 2 earth elementals, 3
deep elf magi, 3 dancing weapons and a battlesphere.

Vanquished Creatures
  Rupert (Orc:2)
  A minotaur (Lab)
  Snorg (Orc:2)
  The ghost of DarkPRamza the Severer, a journeyman HOFi of the Shining One (Lair:1)
  A deep elf death mage (Elf:1)
  An ogre mage (D:10)
  2 two-headed ogres (D:10)
  Erica (D:8)
  7 dancing weapons
  9 orc high priests
  Sonja (D:11)
  Nergalle (Lair:1)
  3 deep elf knights
  A soul eater (Orc:2)
  2 gelid demonspawn (Orc:2)
  2 torturous demonspawn (Orc:2)
  6 deep elf archers
  4 orc knights (Orc:2)
  A lindwurm (Orc:1)
  Pikel (D:6)
  9 deep elf magi
  3 necromancers (Elf:1)
  4 orc sorcerers (Orc:2)
  2 cyclopes
  A rust devil (Orc:2)
  Psyche (D:8)
  A rime drake (Lair:1)
  A komodo dragon (D:10)
  A red devil (Orc:2)
  A hellwing (Orc:2)
  A queen bee (D:9)
  6 trolls
  A hornet (D:11)
  3 blink frogs (Lair:1)
  A hippogriff (D:11)
  2 large abominations (Elf:1)
  A shadow (D:11)
  A water elemental (Elf:1)
  2 air elementals
  20 yaks
  3 wyverns
  Eustachio (D:4)
  A basilisk (D:10)
  4 hungry ghosts
  Grum (D:8)
  The ghost of mobydollar the Firebug, an amateur DrFE (D:3)
  Menkaure (D:4)
  A steam dragon (D:10)
  A warg (Orc:1)
  6 water moccasins
  A black bear (D:8)
  5 sky beasts
  29 orc warriors
  2 ice beasts
  6 ogres
  A phantom (D:10)
  2 centaurs
  A necrophage (D:10)
  4 wolves (D:8)
  2 crocodiles (D:10)
  2 elf zombies (Elf:1)
  2 big kobolds
  Blork the orc (D:4)
  8 bullfrogs
  15 killer bees (D:9)
  3 wights (D:6)
  2 howler monkeys
  2 troll skeletons (Lab)
  4 crimson imps
  4 lava snakes (Lab)
  2 quasits (D:11)
  2 bullfrog skeletons (D:11)
  A centaur skeleton (Lab)
  27 orc priests
  7 hounds
  A jelly (D:5)
  14 orc wizards
  Crazy Yiuf (D:4)
  Ijyb (D:5)
  3 iguanas
  Natasha (thrice) (D:3)
  7 worker ants
  An ogre skeleton (Lab)
  Robin (D:4)
  A gnoll (D:4)
  13 adders
  2 shadow imps
  3 oozes
  5 worms
  A dart slug (D:1)
  9 leopard geckos
  58 orcs
  7 bats
  5 giant cockroaches
  15 goblins
  5 hobgoblins
  9 jackals
  8 kobolds
  3 quokkas
  A ball python (D:1)
  2 frilled lizards
  A leopard gecko zombie (D:6)
  7 rats
  A fungus (D:4)
452 creatures vanquished.

Vanquished Creatures (others)
  A centaur (D:10)
  A bullfrog (D:9)
  An iguana (D:11)
  An adder (D:9)
  A leopard gecko (D:9)
  2 orcs
  A quokka skeleton (D:9)
8 creatures vanquished.

Grand Total: 460 creatures vanquished

Notes
Turn   | Place    | Note
-------+----------+-------------------------------------------
     0 | D:1      | slep the Minotaur Fighter began the quest for the Orb.
     0 | D:1      | Reached XP level 1. HP: 19/19 MP: 0/0
   132 | D:1      | Reached XP level 2. HP: 15/27 MP: 1/1
   602 | D:1      | Reached XP level 3. HP: 33/33 MP: 2/2
   839 | D:2      | Found a white marble altar of Elyvilon.
   905 | D:2      | Reached skill level 4 in Shields
  1253 | D:2      | Reached XP level 4. HP: 40/40 MP: 3/3
  1363 | D:3      | Noticed mobydollar's ghost (amateur DrFE)
  1379 | D:3      | Killed mobydollar's ghost
  1379 | D:3      | Reached skill level 5 in Long Blades
  1379 | D:3      | Reached skill level 1 in Dodging
  1379 | D:3      | Reached XP level 5. HP: 13/47 MP: 4/4
  1394 | D:3      | Reached skill level 5 in Armour
  1436 | D:3      | Reached XP level 6. HP: 25/53 MP: 5/5
  1492 | D:3      | Found a faded altar of an unknown god.
  1533 | D:3      | Became a worshipper of Cheibriados the Contemplative
  1533 | D:3      | Reached * piety under Cheibriados
  1577 | D:3      | Noticed an ice beast
  1590 | D:3      | Killed an ice beast
  1713 | D:3      | Noticed Natasha
  1722 | D:3      | Killed Natasha
  1756 | D:3      | Noticed Natasha
  1763 | D:3      | Killed Natasha
  1913 | D:3      | Noticed Natasha
  1919 | D:3      | Killed Natasha
  1974 | D:4      | Noticed Robin
  1980 | D:4      | Reached ** piety under Cheibriados
  2010 | D:4      | Killed Robin
  2044 | D:4      | Reached skill level 5 in Shields
  2074 | D:4      | Reached XP level 7. HP: 53/60 MP: 6/6
  2247 | D:4      | Noticed Eustachio
  2257 | D:4      | Killed Eustachio
  2319 | D:4      | Found a glowing golden altar of the Shining One.
  2385 | D:4      | Noticed Blork the orc
  2389 | D:4      | Killed Blork the orc
  2389 | D:4      | Reached skill level 6 in Shields
  2477 | D:4      | Noticed Menkaure
  2481 | D:4      | Killed Menkaure
  2481 | D:4      | Reached skill level 5 in Fighting
  2865 | D:4      | Found a runed door.
  2871 | D:4      | Noticed Crazy Yiuf
  2880 | D:4      | Killed Crazy Yiuf
  2953 | D:5      | Entered Level 5 of the Dungeon
  3039 | D:5      | Found Plog's Antique Weapon Boutique.
  3099 | D:5      | Got a vibrating lead ring
  3101 | D:5      | Identified the ring "Yfapsimp" {*Drain rN+ Dex+8 Slay+3 Stlth+} (You found it on level 5 of the Dungeon)
  3116 | D:5      | Reached *** piety under Cheibriados
  3116 | D:5      | Reached XP level 8. HP: 68/68 MP: 7/7
  3424 | D:5      | Noticed Ijyb
  3435 | D:5      | Killed Ijyb
  3631 | D:6      | Found a staircase to the Ecumenical Temple.
  3694 | D:6      | Noticed Pikel
  3703 | D:6      | Killed Pikel
  3703 | D:6      | Reached skill level 7 in Shields
  3865 | D:6      | Found a deep blue altar of Sif Muna.
  3980 | D:6      | Reached skill level 1 in Stealth
  3996 | D:6      | Reached skill level 1 in Unarmed Combat
  4358 | D:7      | Reached skill level 8 in Shields
  4358 | D:7      | Reached XP level 9. HP: 58/75 MP: 8/8
  4439 | D:7      | Reached **** piety under Cheibriados
  4862 | D:7      | Found a shattered altar of Ashenzari.
  5025 | D:8      | Noticed Erica
  5032 | D:8      | Killed Erica
  5032 | D:8      | Reached skill level 10 in Long Blades
  5045 | D:8      | Reached skill level 9 in Shields
  5083 | D:8      | Noticed Psyche
  5092 | D:8      | Killed Psyche
  5179 | D:8      | Noticed Grum
  5185 | D:8      | Reached XP level 10. HP: 84/84 MP: 9/9
  5193 | D:8      | Killed Grum
  5212 | D:8      | Found a glowing silver altar of Zin.
  5336 | D:8      | Found Eperew's Antique Weapon Shop.
  5726 | D:9      | Got an encrusted falchion
  5813 | D:9      | Gained mutation: You have sharp fingernails. [mutagenic meat]
  5814 | D:9      | Gained mutation: You are robust. (+10% HP) [mutagenic meat]
  5815 | D:9      | Gained mutation: Your body sometimes deteriorates upon taking damage. [mutagenic meat]
  5816 | D:9      | Gained mutation: You do not regenerate when monsters are visible. [mutagenic meat]
  5818 | D:9      | Gained mutation: You are covered in fur. (AC +1) [mutagenic meat]
  5948 | D:9      | Found a shimmering altar of Xom.
  5955 | D:9      | Reached ***** piety under Cheibriados
  5959 | D:9      | Reached skill level 1 in Maces & Flails
  6004 | D:9      | Identified the +7 falchion of Xuelow {flame, rF+ rC+ Dex+3} (You found it on level 9 of the Dungeon)
  6184 | D:9      | Reached skill level 10 in Shields
  6614 | D:10     | Entered Level 10 of the Dungeon
  6700 | D:10     | Reached skill level 11 in Shields
  6701 | D:10     | Gained mutation: Your spells are a little harder to cast, but a little more powerful. [mutagenic meat]
  6702 | D:10     | Gained mutation: Your body often deteriorates upon taking damage. [mutagenic meat]
  6703 | D:10     | Gained mutation: You are clumsy. (Dex -2) [mutagenic meat]
  6704 | D:10     | Gained mutation: You expend magic power (3 MP) to strengthen your wands. [mutagenic meat]
  6941 | D:10     | Reached XP level 11. HP: 102/102 MP: 10/10
  7003 | D:10     | Found a staircase to the Lair.
  7128 | D:10     | Found a transporter.
  7357 | D:10     | Noticed an ogre mage
  7357 | D:10     | Found a roughly hewn altar of Beogh.
  7358 | D:10     | Noticed a two-headed ogre
  7358 | D:10     | Noticed a two-headed ogre
  7366 | D:10     | Killed a two-headed ogre
  7371 | D:10     | Killed a two-headed ogre
  7698 | D:10     | Killed an ogre mage
  7704 | D:10     | Reached skill level 12 in Shields
  7760 | D:10     | Got a slimy spear
  7762 | D:10     | Got an ancient falchion
  7776 | D:10     | Identified the +9 spear of Nakhlee Pisupn {drain, rElec rPois Int+4} (You found it on level 10 of the Dungeon)
  7777 | D:10     | Identified the +8 falchion of Mayhem {antimagic, MR+ Str+5} (You found it on level 10 of the Dungeon)
  7781 | D:10     | Found a transporter.
  7878 | D:11     | Reached skill level 10 in Armour
  7942 | D:11     | Found a staircase to the Orcish Mines.
  7946 | D:11     | Reached ****** piety under Cheibriados
  7946 | D:11     | Reached skill level 1 in Polearms
  8017 | D:11     | Noticed Sonja
  8025 | D:11     | Killed Sonja
  8046 | D:11     | Found a labyrinth entrance.
  8057 | Lab      | Entered a labyrinth
  9230 | Lab      | Noticed a minotaur
  9241 | Lab      | Killed a minotaur
  9321 | Lab      | Got a pair of dazzling gloves
  9335 | Lab      | Identified the +2 pair of gloves of the Arcane {rF+ rC+ rCorr} (You found it in a labyrinth)
  9472 | Lab      | Learned a level 1 spell: Magic Dart
  9605 | D:11     | Reached XP level 12. HP: 113/113 MP: 11/11
  9610 | D:11     | Reached skill level 13 in Shields
  9750 | D:11     | Reached skill level 5 in Dodging
  9811 | D:11     | Reached skill level 5 in Stealth
 10169 | Lair:1   | Entered Level 1 of the Lair of Beasts
 10500 | Lair:1   | Noticed DarkPRamza's ghost (journeyman HOFi)
 10521 | Lair:1   | Killed DarkPRamza's ghost
 11053 | Lair:1   | Noticed Nergalle
 11059 | Lair:1   | Killed Nergalle
 11470 | Orc:1    | Entered Level 1 of the Orcish Mines
 11690 | Orc:1    | Noticed an orc high priest
 11697 | Orc:1    | Killed an orc high priest
 11697 | Orc:1    | Reached skill level 5 in Polearms
 11825 | Orc:1    | Found a dark tunnel.
 11949 | Orc:2    | Entered Level 2 of the Orcish Mines
 12019 | Orc:2    | Noticed Snorg
 12027 | Orc:2    | Killed Snorg
 12099 | Orc:2    | Found a staircase to the Elven Halls.
 12359 | Orc:2    | Noticed Rupert
 12373 | Orc:2    | Killed Rupert
 12373 | Orc:2    | Reached skill level 14 in Shields
 12502 | Orc:2    | Found Juigecul's Distillery.
 12525 | Orc:2    | Reached XP level 13. HP: 88/122 MP: 12/12
 12557 | Orc:2    | Found Founyuh's General Store.
 12679 | Orc:2    | Reached skill level 1 in Throwing
 12871 | Orc:2    | Paralysed by an orc sorcerer for 7 turns
 13508 | Orc:2    | HP: 6/122 [sixfirhy[an orc high priest] (4)]
 13508 | Orc:2    | HP: 2/122 [sixfirhy[an orc high priest] (4)]
 13985 | Orc:2    | Reached skill level 15 in Shields
 14023 | Orc:2    | Paralysed by an orc sorcerer for 3 turns
 14033 | Orc:2    | Found Tiumaumi's Book Emporium.
 14033 | Orc:2    | Found a one-way gate leading to the halls of Pandemonium.
 14033 | Orc:2    | Found Jaunous's Antique Weapon Shoppe.
 14190 | Orc:2    | Lost mutation: Your spells are a little harder to cast, but a little more powerful. [potion of mutation]
 14190 | Orc:2    | Lost mutation: Your body often deteriorates upon taking damage. [potion of mutation]
 14190 | Orc:2    | Lost mutation: Your body sometimes deteriorates upon taking damage. [potion of mutation]
 14190 | Orc:2    | Lost mutation: You are clumsy. (Dex -2) [potion of mutation]
 14190 | Orc:2    | Gained mutation: You possess an exceptional clarity of mind. [potion of mutation]
 14190 | Orc:2    | Gained mutation: You have an increased reservoir of magic. (+10% MP) [potion of mutation]
 14190 | Orc:2    | Gained mutation: You can translocate small distances at will. [potion of mutation]
 14246 | Elf:1    | Entered Level 1 of the Elven Halls
 14315 | Elf:1    | Found Hiohuq's Weapon Shoppe.
 14488 | Elf:1    | Reached skill level 10 in Fighting
 14489 | Elf:1    | Found Wiffonewn's Assorted Antiques.
 14491 | Elf:1    | Found Ciav's Antique Weapon Boutique.
 14715 | Elf:1    | Noticed a deep elf death mage
 14718 | Elf:1    | Reached XP level 14. HP: 129/133 MP: 14/14
 14737 | Elf:1    | Identified the Grimoire of Evil
 15430 | Elf:2    | Reached skill level 10 in Polearms
 15451 | Elf:2    | Identified a scroll of acquirement
 15452 | Elf:2    | Found the +0 pair of fencer's gloves {+Riposte Dex+3}
 15544 | Elf:2    | Found a runed gate.
 15544 | Elf:2    | Found a runed gate.
 15544 | Elf:2    | Found a runed gate.
 15606 | Elf:2    | Reached skill level 16 in Shields
 15891 | Elf:2    | Noticed a deep elf blademaster
 15907 | Elf:2    | Mangled by a deep elf blademaster

Vault maps used:
D:1:      nicolae_arrival_memento_mori
D:2:      elyvilon_altar_4
D:3:      chequers_ecumenical_altar_lobes, uniq_natasha
D:4:      nicolae_tso_swordbearing_angel, sigmund_army, uniq_blork_the_orc,
          uniq_eustachio, uniq_crazy_yiuf_cottage, uniq_robin, uniq_menkaure
D:5:      first_bread, serial_shops, nicolae_shop_crystal, uniq_ijyb
D:6:      tgw_sif, minmay_temple_entry_poolview, uniq_pikel
D:7:      lemuel_coloured_pillars_altar
D:8:      lemuel_doored_altar, serial_shops, kennysheep_mini_moat, uniq_erica,
          uniq_psyche, uniq_grum
D:9:      xom_confusion_cloud, special_room
D:10:     gammafunk_beogh_shrine, erik_lair_dragon
D:11:     orc_0_dummy, lab_entry_generic, uniq_sonja
Lair:1:   grunt_megastairs_1, uniq_nergalle
Orc:1:    nicolae_volcano_entry_vermiform
Orc:2:    pf_orc_diabolical, uniq_rupert, uniq_snorg
Elf:1:    serial_shops, shop, nicolae_shop_temple_entry_statues_fountains,
          shop_coins, minmay_elf_necromancy, amethyst_killhole
Lab:      labyrinth_green, nicolae_lab_diamond, nicolae_lab_big_swirl,
          nicolae_lab_flowing_pool, labyrinth_lava_lair,
          labyrinth_skeletal_remains, lab_fountain

Skill      XL: |  1  2  3  4  5  6  7  8  9 10 11 12 13 14 |
---------------+-------------------------------------------+-----
Armour         | 4 5 6 7 8 10 11 12 13 | 13.3
Fighting       | 4 5 6 7 8 9 10 | 10.4
Long Blades    | 4 5 6 8 10 11 12 | 12.6
Shields        | 4 5 6 8 9 11 12 14 15 16 | 16.1
Dodging        | 1 2 3 4 5 |  5.9
Stealth        | 1 2 3 4 5 |  5.8
Unarmed Combat | 1 |  1.0
Maces & Flails | 3 |  3.3
Polearms       | 1 6 9 10 | 10.2
Throwing       | 3 4 |  4.3
Evocations     | |  0.2

Action                   |  1- 3 |  4- 6 |  7- 9 | 10-12 | 13-15 || total
-------------------------+-------+-------+-------+-------+-------++-------
Melee: Long sword        |    92 |   118 |   178 |    14 |       ||   402
       Headbutt          |    13 |    25 |    61 |   176 |   171 ||   446
       Unarmed           |       |       |     8 |       |       ||     8
       Falchion          |       |       |       |   174 |       ||   174
       Mace              |       |       |       |    40 |       ||    40
       Spear             |       |       |       |   233 |   384 ||   617
Throw: Tomahawk          |       |       |       |       |    50 ||    50
Evoke: Wand              |       |       |     2 |     1 |       ||     3
  Use: Potion            |       |       |     3 |    12 |     2 ||    17
       Scroll            |       |       |       |    22 |     9 ||    31
 Stab: Sleeping          |       |       |     4 |    11 |       ||    15
       Distracted        |       |       |     1 |     5 |       ||     6
  Eat: Chunk             |     1 |     2 |     6 |    17 |     1 ||    27
       Fruit             |       |       |       |     2 |       ||     2
       Meat ration       |       |       |       |     1 |     1 ||     2
Armor: Scale mail        |    45 |    17 |    29 |    13 |       ||   104
       Skin              |       |       |     1 |       |       ||     1
       Chain mail        |       |       |       |    32 |       ||    32
       Troll leather arm |       |       |       |     7 |       ||     7
       Plate armour      |       |       |       |    57 |   132 ||   189
Dodge: Dodged            |    24 |    23 |    27 |   163 |   132 ||   369
Block: Shield            |    53 |    78 |   142 |   479 |   287 ||  1039
       Reflection        |       |     2 |     1 |    23 |       ||    26
       Other             |       |       |     3 |       |       ||     3
       Rpst.: Long sword |     8 |     4 |     3 |     1 |       ||    16
       Falchion          |       |       |       |    11 |       ||    11

Table legend:
 A = Spawn XP
 B = Non-spawn XP
 C = Spawn XP percentage of total XP
 D = Spawn monster count
 E = Non-spawn monster count
 F = Spawn count percentage of total count
 G = Total turns spent on level
                    A         B        C        D         E        F      G
               +---------+---------+-------+---------+---------+-------+---------
         Total |       0 |   78657 |   0.0 |       0 |     453 |   0.0 | 15907
               +---------+---------+-------+---------+---------+-------+---------
           D:1 |       0 |      44 |   0.0 |       0 |      20 |   0.0 |   837
           D:2 |       0 |      87 |   0.0 |       0 |      14 |   0.0 |   465
           D:3 |       0 |     519 |   0.0 |       0 |      22 |   0.0 |   626
           D:4 |       0 |     691 |   0.0 |       0 |      28 |   0.0 |  1025
           D:5 |       0 |     174 |   0.0 |       0 |       8 |   0.0 |   645
           D:6 |       0 |    1106 |   0.0 |       0 |      18 |   0.0 |   681
           D:7 |       0 |    1063 |   0.0 |       0 |      34 |   0.0 |   745
           D:8 |       0 |    2858 |   0.0 |       0 |      19 |   0.0 |   693
           D:9 |       0 |    3451 |   0.0 |       0 |      37 |   0.0 |   901
          D:10 |       0 |    6363 |   0.0 |       0 |      34 |   0.0 |  1482
          D:11 |       0 |    5017 |   0.0 |       0 |      39 |   0.0 |   731
        Lair:1 |       0 |    5521 |   0.0 |       0 |      20 |   0.0 |  1124
         Orc:1 |       0 |    2898 |   0.0 |       0 |      18 |   0.0 |   479
         Orc:2 |       0 |   24383 |   0.0 |       0 |      94 |   0.0 |  2297
         Elf:1 |       0 |   13265 |   0.0 |       0 |      23 |   0.0 |   980
         Elf:2 |       0 |    9166 |   0.0 |       0 |      13 |   0.0 |   681
           Lab |       0 |    2051 |   0.0 |       0 |      12 |   0.0 |  1515
               +---------+---------+-------+---------+---------+-------+---------
